Map: 해비테이션 스테이션 - 래더 (공허의 유산)

Players

Nerchio

  • Race: Zerg Zerg
  • Spawn Location: 1:00

Maru - Winner!

  • Race: Terran Terran
  • League: Diamond
  • Spawn Location: 11:00

Event: WESG 2016 Finals

VOD

Have the link to the VOD?

Description

Time

  • Played on: Jan. 12, 2017, 2:17 a.m.
  • Length: 13:15

All games in this series

Show
View Real Time Build Order
Export as new Build Order

Nerchio Zerg 

Build Orders: Pool First 

Get SALT Encoding   

  12  0:00  Drone  
  13  0:12  Overlord  
  13  0:17  Drone  
  14  0:31  Drone x2  
  14  0:34  Drone  
  17  0:42  Extractor  
  16  0:45  Drone  
  17  0:50  Spawning Pool  
  17  0:56  Drone  
  17  1:16  Hatchery  
  16  1:20  Drone  
  16  1:24  Drone  
  18  1:38  Roach Warren  
  18  1:39  Zergling x2  
  18  1:50  Queen  
  20  1:54  Drone  
  21  2:01  Overlord  
  21  2:20  Roach x2  
  21  2:22  Roach  
  27  2:30  Roach  
  27  2:35  Queen  
  31  2:38  Drone  
  31  2:44  Overlord  
  32  2:47  Drone  
  32  2:50  Drone  
  34  2:55  Drone  
  34  3:01  Drone  
  34  3:04  Ravager  
  34  3:05  Ravager  
  37  3:06  Ravager  
  37  3:07  Drone  
  37  3:09  Drone  
  40  3:14  Drone x2  
  40  3:19  Overlord  
  42  3:26  Overlord  
  42  3:43  Drone x2  
  42  3:44  Ravager  
  45  3:51  Drone x4  
  45  3:52  Drone x2  
  45  3:53  Drone  
  40  4:04  Metabolic Boost  
  40  4:08  Hatchery  
  39  4:10  Queen  
  39  4:15  Queen  
  43  4:18  Roach  
  43  4:20  Roach  
  47  4:27  Drone x3  
  47  4:30  Overlord  
  50  4:36  Drone  
  50  4:37  Drone  
  52  4:41  Overlord  
  52  4:43  Overlord  
  52  4:48  Queen  
  52  4:51  Drone, Evolution Chamber  
  52  4:52  Drone  
  55  4:53  Drone  
  55  4:58  Zergling x4  
  58  5:02  Zergling x2  
  58  5:03  Zergling x6  
  62  5:07  Zergling x2  
  63  5:15  Evolution Chamber  
  63  5:16  Zergling x2  
  63  5:17  Zergling x4  
  63  5:19  Zergling x4  
  67  5:22  Zergling x2  
  67  5:25  Ravager  
  67  5:26  Zergling x2  
  67  5:31  Zergling x2  
  67  5:32  Zergling x6  
  67  5:39  Zergling x2  
  67  5:40  Zergling x2  
  56  5:43  Zergling x2  
  56  5:44  Zergling x2  
  56  5:45  Queen x2  
  56  5:48  Zergling x2  
  59  5:50  Queen  
  59  5:53  Drone  
  59  5:54  Zerg Melee Weapons Level 1  
  62  6:07  Zerg Ground Armor Level 1  
  62  6:11  Drone x4  
  65  6:12  Hatchery  
  65  6:14  Zergling x4  
  65  6:15  Zergling x2  
  65  6:17  Zergling x2  
  69  6:19  Zergling x2  
  70  6:28  Extractor  
  70  6:29  Baneling Nest  
  70  6:31  Drone x6  
  74  6:34  Overlord  
  74  6:42  Drone x2  
  74  6:45  Drone  
  77  6:49  Overlord  
  77  6:58  Queen x3  
  77  6:59  Zergling x2  
  81  7:02  Overlord x2  
  81  7:05  Overlord  
  79  7:12  Overlord  
  79  7:13  Drone x6  
  79  7:14  Drone, Spore Crawler  
  85  7:20  Zergling x4  
  85  7:21  Spore Crawler  
  86  7:27  Zergling x12  
  89  7:31  Baneling x2  
  89  7:32  Baneling, Queen  
  89  7:34  Zergling x4  
  89  7:36  Zergling x4  
  94  7:41  Zergling x4  
  94  7:42  Lair  
  95  7:45  Zergling x6  
  95  7:49  Zergling x4  
  95  7:51  Spore Crawler, Zergling x2  
  97  7:52  Zergling x2  
  97  7:55  Zergling x4  
  98  7:59  Zergling x2  
  98  8:04  Drone x3  
  97  8:06  Drone x3  
  97  8:12  Lair  
  100  8:13  Drone x4  
  100  8:17  Drone x2  
  100  8:18  Drone  
  100  8:19  Drone x2  
  109  8:22  Drone  
  110  8:32  Spore Crawler  
  108  8:39  Extractor, Zergling x2  
  108  8:40  Zergling x12  
  108  8:41  Zergling x4  
  113  8:42  Zergling x2  
  113  8:46  Zergling x2  
  111  8:49  Zergling x2  
  111  8:50  Queen  
  111  8:51  Queen x2  
  111  8:52  Drone x2  
  111  8:54  Extractor  
  111  8:55  Zergling x2  
  120  8:56  Overlord  
  120  8:58  Overlord  
  120  9:00  Overlord  
  115  9:03  Overlord  
  115  9:07  Zerg Melee Weapons Level 2  
  115  9:09  Zerg Ground Armor Level 2  
  114  9:14  Extractor  
  114  9:15  Extractor  
  112  9:18  Glial Reconstitution  
  112  9:22  Drone, Extractor x2  
  112  9:23  Drone x5  
  116  9:25  Drone  
  116  9:26  Drone x4, Queen  
  116  9:28  Drone  
  124  9:35  Centrifical Hooks  
  124  9:38  Drone x4  
  128  9:42  Roach  
  128  9:43  Roach  
  132  9:46  Infestation Pit, Roach x2  
  132  9:50  Roach  
  132  9:51  Roach  
  140  9:52  Drone  
  140  9:53  Drone  
  140  9:58  Roach x3  
  147  10:00  Overlord  
  147  10:02  Overlord  
  147  10:04  Overlord  
  147  10:08  Overlord  
  147  10:10  Baneling x5  
  131  10:23  Zergling x22  
  139  10:29  Zergling x12  
  139  10:35  Hive  
  138  10:38  Spore Crawler  
  138  10:41  Spore Crawler  
  136  10:47  Hatchery  
  135  10:50  Roach  
  135  10:51  Roach x3  
  135  10:52  Overseer  
  137  11:05  Zergling x30  
  152  11:13  Hive  
  152  11:15  Overseer  
  147  11:22  Overlord  
  147  11:23  Spore Crawler  
  146  11:31  Drone x3  
  149  11:33  Baneling  
  149  11:34  Baneling x7  
  149  11:36  Spore Crawler  
  149  11:38  Zergling x22  
  149  11:39  Zergling x2  
  159  11:45  Overlord  
  157  11:49  Drone  
  157  11:50  Drone x2, Overlord  
  160  11:59  Baneling x3  
  155  12:07  Spire  
  154  12:10  Hatchery  
  154  12:13  Ravager x3  
  156  12:25  Zergling x10  
  153  12:30  Zergling x10  
  153  12:33  Baneling x4  
  153  12:34  Baneling  
  153  12:35  Zergling x2  
  159  12:37  Zergling x2  
  159  12:38  Zergling x4  
  159  12:40  Baneling x4  
  159  12:41  Zergling x2  
  160  12:49  Zergling x4  
  160  12:50  Zergling x2  
  160  12:51  Zergling x2  
  134  12:52  Zergling x10  
  134  12:56  Zergling x2  
  134  12:58  Baneling x4  
Show
View Real Time Build Order
Export as new Build Order

Maru Terran - Winner!

Build Orders: Reaper Expand, MMM Bio 

Get SALT Encoding   

  12  0:00  SCV  
  13  0:12  SCV  
  14  0:17  Supply Depot  
  14  0:24  SCV  
  15  0:38  SCV  
  15  0:40  Barracks  
  16  0:44  Refinery  
  16  0:50  SCV  
  17  1:02  SCV  
  18  1:15  SCV  
  19  1:28  Orbital Command, Reaper  
  20  1:40  Command Center  
  20  1:51  Barracks  
  20  1:53  SCV  
  21  2:06  SCV  
  21  2:07  Supply Depot  
  23  2:11  Barracks Reactor  
  23  2:14  Refinery  
  22  2:18  SCV  
  23  2:25  Factory  
  23  2:30  SCV  
  24  2:38  Barracks Tech Lab  
  24  2:42  SCV  
  25  2:47  Marine  
  25  2:48  Marine  
  27  2:54  SCV  
  28  2:59  Marine, Stimpack  
  29  3:06  Marine, SCV  
  29  3:07  Marine  
  29  3:09  Orbital Command  
  32  3:17  Marine, Starport  
  34  3:20  SCV  
  34  3:21  Factory Reactor  
  34  3:24  Marine  
  34  3:26  Marine  
  36  3:29  Factory Tech Lab  
  36  3:34  Marine  
  36  3:40  SCV  
  35  3:41  Marine  
  31  3:52  Marine  
  31  3:54  SCV  
  28  4:03  SCV  
  28  4:07  Siege Tank  
  32  4:11  SCV  
  32  4:15  Marine, SCV  
  35  4:18  Marine  
  35  4:23  SCV  
  37  4:29  SCV  
  37  4:31  Medivac  
  40  4:35  SCV  
  40  4:37  Marine, Supply Depot  
  42  4:41  SCV  
  43  4:46  Marine  
  43  4:47  Marine  
  43  4:48  Factory Reactor  
  43  4:52  Supply Depot  
  45  4:54  SCV  
  45  4:59  Marine, SCV  
  48  5:02  Engineering Bay  
  48  5:06  SCV, Combat Shields  
  49  5:07  Marine  
  49  5:11  SCV  
  51  5:24  Marine x2  
  51  5:25  SCV x2  
  55  5:31  Terran Infantry Weapons Level 1  
  55  5:37  SCV x2  
  55  5:39  Marine  
  55  5:41  Supply Depot  
  55  5:49  SCV  
  50  5:51  SCV  
  50  5:53  Marine x2, Medivac  
  49  5:57  Marine  
  49  6:01  SCV  
  51  6:04  SCV  
  51  6:08  Siege Tank  
  51  6:11  Marine x2  
  55  6:13  SCV  
  55  6:15  Marine  
  55  6:16  SCV  
  60  6:23  Supply Depot  
  60  6:29  Marine x2  
  60  6:32  Medivac  
  64  6:33  Marine  
  64  6:38  Command Center  
  65  6:40  SCV x2  
  65  6:46  Refinery, Marine  
  65  6:47  Marine  
  68  6:48  Siege Tank  
  68  6:50  Marine  
  68  6:52  SCV x2  
  75  7:04  Marine, SCV x2  
  75  7:07  Supply Depot  
  78  7:17  Supply Depot  
  78  7:18  Barracks  
  78  7:19  Barracks  
  78  7:25  Barracks  
  78  7:26  Marine x2, SCV x2  
  78  7:27  Marine  
  76  7:31  Medivac  
  76  7:32  Medivac  
  80  7:38  SCV x2, Factory Reactor  
  80  7:40  Refinery  
  80  7:41  Terran Infantry Armor Level 1  
  80  7:43  Marine  
  80  7:44  Marine x2  
  83  7:50  SCV  
  83  7:51  SCV  
  86  8:01  Marine  
  86  8:02  Marine x2, SCV  
  90  8:05  Armory  
  90  8:08  SCV, Engineering Bay  
  92  8:14  Barracks Reactor  
  92  8:17  Barracks Reactor x2, Widow Mine x2  
  92  8:19  Marine x2  
  94  8:23  SCV  
  94  8:24  Marine  
  94  8:26  SCV  
  98  8:28  Supply Depot  
  98  8:35  Medivac  
  98  8:37  Marine x2  
  100  8:42  Marine  
  100  8:47  Widow Mine x2  
  97  8:50  SCV x2  
  97  8:55  Marine x8  
  104  9:00  Marine  
  103  9:05  Terran Infantry Weapons Level 2  
  103  9:08  SCV  
  103  9:09  SCV  
  102  9:10  Medivac  
  102  9:12  Marine  
  102  9:13  Marine x3  
  108  9:21  SCV x2  
  108  9:23  Marine x5  
  115  9:24  Widow Mine  
  115  9:28  Supply Depot  
  115  9:29  Widow Mine  
  115  9:30  Marine x3  
  122  9:32  Supply Depot  
  122  9:33  Orbital Command  
  122  9:39  Terran Infantry Armor Level 2  
  122  9:44  Medivac  
  122  9:45  Marine  
  125  9:50  Marauder, Supply Depot, Medivac  
  125  9:52  Supply Depot  
  129  9:58  Marine  
  129  9:59  Marine x5  
  133  10:15  Siege Tank  
  133  10:16  SCV  
  133  10:18  Refinery, SCV  
  137  10:21  Supply Depot  
  137  10:22  Marine, Marauder  
  138  10:31  Marine x7  
  138  10:34  SCV x2  
  135  10:39  Marine  
  136  10:43  Marauder  
  136  10:45  Barracks  
  136  10:46  Barracks  
  136  10:47  Barracks  
  136  10:48  Marine, Siege Tank  
  142  10:52  Marine x4  
  146  11:03  SCV x2  
  141  11:05  Marauder, Medivac x2  
  141  11:08  Marine, Supply Depot  
  141  11:09  Marine x4  
  141  11:10  Marine x2  
  153  11:12  Supply Depot, Missile Turret  
  150  11:20  Siege Tank  
  153  11:26  Marauder  
  153  11:28  Marine x2  
  157  11:35  Medivac  
  158  11:40  Barracks Tech Lab x2  
  158  11:42  Marine x5  
  158  11:43  Marine  
  164  11:47  Marauder  
  164  11:50  Marine x3, Medivac  
  164  11:53  Siege Tank  
  169  12:01  Marine x4  
  169  12:02  Marauder  
  169  12:07  Orbital Command  
  175  12:11  Concussive Shells  
  175  12:12  Supply Depot  
  175  12:16  Marine x2  
  175  12:17  Marauder  
  179  12:28  Unknown  
  179  12:31  Marauder  
  179  12:33  Marine x4  
  183  12:48  Marine x2, Marauder x2  
  165  12:53  Marine  
  165  12:54  Marauder  
Tags
 
Add a new tag
Caveats
  • Supply blocks, unpowered buildings, or Contaminate may cause inaccurate times.
  • Supply counts are checked every 10 seconds.